 Dungeon Crawl Stone Soup version 0.30.1-8-g117510f58f (webtiles) character file.

Game seed: 14222060550142280379

73 NullDivider the Stinger (level 4, -1/27 HPs)
             Began as an Octopode Venom Mage on Sept 23, 2023.
             Slain by Grinder (7 damage)
             ... on level 3 of the Dungeon.
             The game lasted 00:10:37 (2265 turns).

NullDivider the Stinger (Octopode Venom Mage)       Turns: 2265, Time: 00:10:38

Health: -1/27      AC:  1    Str:  7    XL:     4   Next: 27%
Magic:  1/7        EV: 13    Int: 17    God:
Gold:   147        SH:  0    Dex: 14    Spells: 2/8 levels left

rFire   . . .        (no weapon)
rCold   . . .        (no shield)
rNeg    . . .        (helmet restricted)
rPois   .            (no amulet)
rElec   .            (no ring)
rCorr   .            (no ring)
SInv    .            (no ring)
Will    .....        (no ring)
Stlth   +++          (no ring)
HPRegen 0.24/turn    (no ring)
MPRegen 0.10/turn    (no ring)
                     (no ring)

%: no passive effects
@: no status effects
A: almost no armour, amphibious, 8 rings, camouflage 1, gelatinous body 1,
(nimble swimmer 1), tentacles
a: no special abilities


You were on level 3 of the Dungeon.
You visited 1 branch of the dungeon, and saw 3 of its levels.

You collected 147 gold pieces.

Inventory:

Scrolls
 b - 2 scrolls of torment
 d - a scroll of enchant weapon {unknown}
 h - 3 scrolls of teleportation {unknown}
 k - a scroll of enchant armour {unknown}
 o - a scroll of blinking {unknown}
Potions
 a - 2 potions of magic
 c - 2 potions of haste
 e - a potion of heal wounds {unknown}
 f - a potion of resistance {unknown}
 g - 4 potions of might
 i - a potion of curing {unknown}
 j - a potion of mutation {unknown}
 l - 2 potions of flight {unknown}
 m - a potion of brilliance {unknown}
 n - a potion of invisibility {unknown}


   Skills:
 + Level 2.6 Dodging
 + Level 3.7 Stealth
 + Level 2.5 Spellcasting
 - Level 1.0 Transmutations
 + Level 1.2 Air Magic
 + Level 4.2 Poison Magic


You had 2 spell levels left.
You knew the following spells:

 Your Spells              Type           Power      Damage    Failure   Level
a - Sting                 Tmut/Pois      44%        1d5       6%          1
b - Poisonous Vapours     Pois/Air       22%        N/A       9%          2
c - Mephitic Cloud        Conj/Pois/Air  8%         N/A       26%         3

Your spell library contained the following spells:

 Spells                   Type           Power      Damage    Failure   Level
 Sandblast                Erth           4%         2d4       19%         1
 Passwall                 Tmut/Erth      2%         N/A       22%         2
 Olgreb's Toxic Radiance  Pois           16%        N/A       32%         4
 Stone Arrow              Conj/Erth      4%         3d7       50%         3


Dungeon Overview and Level Annotations

Branches:
Dungeon (3/15)

Altars:
Cheibriados

Annotations:
D:3 Grinder


Innate Abilities, Weirdness & Mutations

You cannot wear most types of armour.
You are amphibious.
You can wear up to eight rings at the same time.
Your skin changes colour to match your surroundings (Stealth+).
Your rubbery body absorbs attacks. (AC +1, EV +1)
((You are camouflaged when in or above water. (Stealth+)))
You have tentacles for arms and can constrict up to eight enemies at once.


Message History

Aim: Grinder (lightly wounded, very poisoned, 68% to hit)
The sting misses Grinder.
Casting: Sting (safe; 6% risk of failure)
Confirm with . or Enter, or press ? or * to list all spells.
Aiming: Sting (safe; 6% risk of failure)
Press: ? - help, Shift-Dir - straight line, f/p - Grinder
Aim: Grinder (lightly wounded, very poisoned, 68% to hit)
The sting hits Grinder but does no damage.
Grinder looks even sicker.
Grinder is lightly wounded.
Grinder hits you.
You writhe in agony.
You closely miss Grinder. Your grab misses Grinder.
Grinder is lightly wounded.
Grinder barely misses you.
You tentacle-slap Grinder. Your grab misses Grinder.
Grinder is moderately wounded.
Grinder hits you!
You writhe in agony.
* * * LOW HITPOINT WARNING * * *
Casting: Sting (safe; 6% risk of failure)
Confirm with . or Enter, or press ? or * to list all spells.
Aiming: Sting (safe; 6% risk of failure)
Press: ? - help, Shift-Dir - straight line, f/p - Grinder
Aim: Grinder (moderately wounded, very poisoned, 68% to hit)
The sting hits Grinder.
Grinder partially resists.
Grinder is moderately wounded.
Grinder hits you but does no damage.
Casting: Sting (safe; 6% risk of failure)
Confirm with . or Enter, or press ? or * to list all spells.
Aiming: Sting (safe; 6% risk of failure)
Press: ? - help, Shift-Dir - straight line, f/p - Grinder
Aim: Grinder (moderately wounded, very poisoned, 68% to hit)
The sting hits Grinder but does no damage.
Grinder looks even sicker.
Grinder is moderately wounded.
Grinder misses you.
You tentacle-slap Grinder but do no damage.
You grab Grinder.
Grinder is moderately wounded.
You constrict Grinder. Grinder hits you!
You die...

..##..... .....# .
.....# #. .###.# ..
.###.### .#
...#...#### .#
.#.###....## .#
.#..#####..#######.###
....######......@..[.#
.##..<..#######..5...#
.#####....# #......#
.# ##...######.....#
.. ##.....# #...<.#
##.##.# ####### #..#.#
##.#.###### #........#


You could see Grinder (very poisoned).

Vanquished Creatures
  2 adders (D:2)
  A worm (D:3)
  A dart slug (D:2)
  An orc (D:3)
  6 endoplasms
  4 giant cockroaches
  3 goblins
  4 hobgoblins
  4 jackals (D:1)
  7 kobolds
  4 ball pythons
  4 bats
  5 frilled lizards
  A rat (D:3)
47 creatures vanquished.

Notes
Turn   | Place    | Note
-------+----------+-------------------------------------------
     0 | D:1      | NullDivider the Octopode Venom Mage began the quest for the
                  | Orb.
     0 | D:1      | Reached XP level 1. HP: 11/11 MP: 3/3
   222 | D:1      | Reached XP level 2. HP: 16/17 MP: 0/5
   276 | D:1      | Learned a level 2 spell: Poisonous Vapours
   898 | D:1      | Reached skill level 4 in Poison Magic
   898 | D:1      | Reached XP level 3. HP: 17/21 MP: 1/6
   948 | D:1      | Learned a level 3 spell: Mephitic Cloud
  1305 | D:2      | Reached skill level 1 in Air Magic
  1500 | D:2      | Reached XP level 4. HP: 25/27 MP: 3/7
  1949 | D:3      | Found a faded altar of an unknown god.
  2067 | D:3      | Found a snail-covered altar of Cheibriados.
  2249 | D:3      | Noticed Grinder
  2265 | D:3      | Slain by Grinder

Illustrated notes

Levels and vault maps discovered:
D:1:      mrwooster_arrival_statue_3, layout_loops_ring
D:2:      layout_basic, ebering_dispersal_statue_hall
D:3:      due_chaos_kobolds, layout_rooms, cheibrodos_worm_habitat,
          shapermc_ecumenical_altar_rom_forum, minmay_crystal_water,
          uniq_grinder

Skill      XL: |  1  2  3 |
---------------+----------+-----
Stealth        | 3 |  3.7
Poison Magic   | 4 |  4.2
Air Magic      | 1 |  1.2
Dodging        | |  2.6
Spellcasting   | |  2.5
Transmutations | |  1.0

Action                     |  1- 3 |  4- 6 || total
---------------------------+-------+-------++-------
  Melee: Unarmed           |    31 |     8 ||    39
         Constrict         |    12 |     2 ||    14
         Tentacles         |     8 |       ||     8
         Punch             |     1 |       ||     1
   Cast: Sting             |    65 |    22 ||    87
         Poisonous Vapours |       |     4 ||     4
    Use: Scroll            |       |     3 ||     3
   Stab: Sleeping          |     1 |       ||     1
 Armour: Skin              |     6 |     1 ||     7
  Dodge: Dodged            |    31 |     7 ||    38
